 Dungeon Crawl Stone Soup version 0.26.1-2-gb8aa6d0cf2 (webtiles) character file.

Game seed: 2527771710490050577

293 nightchill the Skirmisher (level 6, -2/56 HPs)
             Began as a Ghoul Fighter on Mar 15, 2021.
             Killed by divine providence
             ... invoked by an orc priest
              (16 damage)
             ... on level 4 of the Dungeon.
             The game lasted 00:07:19 (4307 turns).

nightchill the Skirmisher (Ghoul Fighter)           Turns: 4307, Time: 00:07:19

Health: -2/56      AC:  6    Str: 22    XL:     6   Next: 33%
Magic:  5/5        EV:  7    Int:  3    God:
Gold:   130        SH:  8    Dex:  8    Spells: 5/5 levels left

rFire    . . .     SeeInvis .   a - +0 war axe
rCold    + . .     Faith    .   c - +0 kite shield
rNeg     + + +     Spirit   .   b - +0 scale mail
rPois    ∞         Reflect  .   (no helmet)
rElec    .         Harm     .   (no cloak)
rCorr    .         Rampage  .   (no gloves)
Will     .....                  (no boots)
Stlth    ..........             (no amulet)
HPRegen  0.00/turn              (no ring)
MPRegen  0.09/turn              (no ring)

@: no status effects
A: claws 1, cold resistance 1, negative energy resistance 3, inhibited
regeneration, torment resistance, unbreathing
a: no special abilities


You were on level 4 of the Dungeon.
You visited 1 branch of the dungeon, and saw 4 of its levels.

You collected 130 gold pieces.

Inventory:

Hand Weapons
 a - a +0 war axe (weapon)
Armour
 b - a +0 scale mail (worn)
 c - a +0 kite shield (worn)
Scrolls
 e - 7 scrolls of identify {unknown}
 f - 2 scrolls of teleportation {unknown}
 g - 2 scrolls of fog {unknown}
 h - 2 scrolls of remove curse {unknown}
 k - a scroll of immolation {unknown}
 m - a scroll of random uselessness {unknown}
Potions
 d - 2 potions of might
 i - a potion of curing {unknown}
 j - a potion of brilliance {unknown}
 l - a potion of lignification {unknown}


   Skills:
 + Level 5.0 Fighting
 * Level 4.9 Axes
 - Level 2.6 Armour
 - Level 2.6 Shields


You had 5 spell levels left.
You didn't know any spells.
Your spell library was empty.

Dungeon Overview and Level Annotations

Branches:
Dungeon (4/15)
 Temple: D:4-7

Altars:
Elyvilon
Vehumet
Xom
Beogh

Annotations:
D:1 exclusion: 2 downstairs
D:2 Pikel
D:3 3 runed translucent doors, exclusion: 3 doors, Kormanboo's ghost, amateur GrEE


Innate Abilities, Weirdness & Mutations

You thrive by killing the living.
You are immune to poison.
You have sharp fingernails.
Your flesh is cold resistant. (rC+)
You are immune to negative energy. (rN+++)
You do not regenerate when monsters are visible.
You are immune to unholy pain and torment.
You can survive without breathing.


Message History

Beogh smites you! You block the orc's attack.
An orc wizard comes into view. It is wielding a +0 dagger.
The centaur skeleton hits you but does no damage.
The orc priest calls down the wrath of Beogh upon you.
Beogh smites you!
* * * LOW HITPOINT WARNING * * *
The orc hits you but does no damage.
The orc wizard shouts!
You hit the orc priest.
The orc priest is heavily wounded.
You closely miss the orc. You hit the centaur skeleton.
You hear a shout!
The centaur skeleton hits you.
* * * LOW HITPOINT WARNING * * *
The orc priest invokes the aid of Beogh against you.
Beogh smites you!
* * * LOW HITPOINT WARNING * * *
The orc priest mumbles some strange prayers to Beogh against you.
Beogh smites you!
You die...

#...oo.Z#.#
#.o...#
#####.)##.#
#......##!#
#......##.#
..#....o.##.###
..#......##...#..
.........o#)#.#.##
........oZ@......#
.........o..##...#
..#............###
.
#.....#......!.#+
#....†##.........
#####....<.......
#.#..........
#...)†...#...
###..........


You could see 2 orc priests, an orc wizard, an orc and a centaur skeleton.

Vanquished Creatures
  2 lemures
  Natasha (thrice) (D:3)
  A worker ant (D:4)
  4 gnolls
  6 adders
  3 leopard geckos
  6 orcs
  7 bats
  A giant cockroach (D:2)
  16 goblins
  19 hobgoblins
  4 jackals (D:3)
  2 quokkas
  8 frilled lizards
  9 kobolds
  4 rats
95 creatures vanquished.

Notes
Turn   | Place    | Note
-------+----------+-------------------------------------------
     0 | D:1      | nightchill the Ghoul Fighter began the quest for the Orb.
     0 | D:1      | Reached XP level 1. HP: 19/19 MP: 0/0
   140 | D:1      | Reached XP level 2. HP: 26/26 MP: 1/1
   524 | D:1      | Reached XP level 3. HP: 11/33 MP: 2/2
   995 | D:2      | Reached skill level 4 in Fighting
  1036 | D:2      | Reached XP level 4. HP: 36/40 MP: 3/3
  1193 | D:2      | Found a radiant altar of Vehumet.
  1664 | D:2      | Reached XP level 5. HP: 47/47 MP: 4/4
  1857 | D:2      | Found a shimmering altar of Xom.
  1960 | D:3      | Found a white marble altar of Elyvilon.
  2092 | D:3      | Noticed Natasha
  2104 | D:3      | Killed Natasha
  2152 | D:3      | Noticed Natasha
  2160 | D:3      | Killed Natasha
  2198 | D:3      | Noticed Natasha
  2208 | D:3      | Killed Natasha
  2604 | D:3      | Reached XP level 6. HP: 44/55 MP: 5/5
  2949 | D:3      | Found a runed translucent gate.
  2949 | D:3      | Identified the +11 dagger of Raxif {pain, Dex+5}
  2949 | D:3      | Noticed Kormanboo's ghost (amateur GrEE)
  2950 | D:3      | Found a runed translucent gate.
  2951 | D:3      | Found a runed translucent gate.
  3302 | D:3      | Found a roughly hewn altar of Beogh.
  3333 | D:4      | Noticed Pikel
  3717 | D:2      | HP: 1/55 [Pikel/+0 whip of flaming (3)]
  4169 | D:4      | Reached skill level 5 in Fighting
  4307 | D:4      | Killed from afar by an orc priest

Illustrated notes

Levels and vault maps discovered:
D:1:      psy_arrival_basics, layout_basic
D:2:      cheibrodos_greedy_goblins, layout_loops_ring, vehumet_crystals,
          marbit_many_paths
D:3:      layout_basic, lemuel_doored_altar, biasface_ghost_orc_armoury,
          uniq_natasha
D:4:      layout_basic, uniq_pikel, uniq_grinder, uniq_ijyb

Skill      XL: |  1  2  3  4  5  6 |
---------------+-------------------+-----
Axes           | 2 3 4 |  4.9
Fighting       | 4 5 |  5.0
Armour         | |  2.6
Shields        | |  2.6

Action                   |  1- 3 |  4- 6 || total
-------------------------+-------+-------++-------
Melee: War axe           |   118 |   233 ||   351
  Use: Potion            |       |     1 ||     1
Armor: Scale mail        |    49 |   101 ||   150
Dodge: Dodged            |    52 |    82 ||   134
Block: Kite shield       |    52 |   127 ||   179
